AoeStats
← Geo

QS Arena

503351919Analyzed
1v1 RM · 1mo ago on Aug 31, 2026· 44m 4s· 2 players
Game mode
Random Map
Map size
Tiny (2 player)
Population
200
Speed
Normal
Resources
Standard
Victory
Conquest
Starting age
Dark Age
Ending age
Imperial Age
RankedLock teamsTeams togetherTeam positionsShared explorationLock speedFull tech treeHidden civsTurbo modeCheats
Victory
Defeat
🇫🇷 Franks · France
934
+16
🇩🇪 Romans · Germany
933
-16
Guerillero
13:15 Feudal Age
14:15 Double-Bit Axe
14:12 Horse Collar
17:55 Castle Age
20:30 Wheelbarrow
22:32 Imperial Age
22:56 Bow Saw
23:02 Heavy Plow
23:09 Man-at-Arms
25:28 Conscription
25:48 Wheelbarrow
26:13 Forging
26:03 Scale Mail Armor
27:49 Hand Cart
26:57 Long Swordsman
29:40 Crop Rotation
29:41 Legionary
30:08 Pikeman
30:48 Squires
31:15 Halberdier
32:34 Iron Casting
32:14 Chain Mail Armor
34:43 Chain Mail Armor
35:28 Blast Furnace
38:40 Comitatenses
40:13 Onager
41:59 Gold Mining
41:59 Stone Mining
Geo
0:42 Loom
9:01 Feudal Age
13:45 Castle Age
11:34 Double-Bit Axe
16:11 Bow Saw
19:12 Stone Mining
20:55 Wheelbarrow
21:55 Hand Cart
23:42 Gold Mining
24:59 Gold Shaft Mining
28:15 Imperial Age
26:23 Masonry
26:24 Fortified Wall
26:33 Town Watch
27:13 Forging
27:09 Scale Barding Armor
27:51 Husbandry
28:31 Iron Casting
29:20 Chain Barding Armor
29:23 Conscription
29:55 Architecture
28:56 Cavalier
31:33 Plate Barding Armor
32:00 Blast Furnace
32:07 Paladin
32:11 Light Cavalry
33:27 #83
34:04 Elite Throwing Axeman
36:37 Scale Mail Armor
38:35 Chemistry
37:32 Murder Holes
38:33 Chain Mail Armor
38:43 Ballistics
38:09 Arrowslits
38:30 Siege Engineers
41:52 Plate Mail Armor
41:22 Padded Archer Armor
41:13 Fletching
44:24 Leather Archer Armor
44:04 Bodkin Arrow
44:15 Squires
44:01 Arson
43:37 Pikeman
Connection lost

Rejoining the realm…

Still unreachable

The connection could not be restored.

Session expired

The server has moved on; the page needs a fresh start.